 Dungeon Crawl Stone Soup version 0.29.1-12-g30fa7ad0bf (webtiles) character file.

Game seed: 17718060876192514905

91112 Gabide the Warrior (level 16, -4/147 HPs)
             Began as a Formicid Berserker on Dec 19, 2022.
             Was an Elder of Trog.
             Slain by an orc warrior
             ... wielding a +0 flail
             ... led by an orc knight
              (11 damage)
             ... on level 1 of the Orcish Mines.
             The game lasted 00:55:43 (20623 turns).

Gabide the Warrior (Formicid Berserker)            Turns: 20623, Time: 00:55:44

Health: -4/147     AC:  8    Str: 35    XL:     16   Next: 49%
Magic:  16/16      EV: 18    Int:  8    God:    Trog [****..]
Gold:   1290       SH:  0    Dex: 17    Spells: 15/15 levels left

rFire   + . .      SeeInvis +   a - +1 giant club
rCold   . . .      Faith    .   (shield currently unavailable)
rNeg    + . .      Spirit   .   I - +3 ring mail "Ecudd" {rN+ Str+3 Int-2 Dex+4}
rPois   .          Reflect  .   (helmet unavailable)
rElec   .          Harm     .   O - +2 cloak
rCorr   .          Rampage  .   E - +0 pair of gloves
Will    ++...                   (no boots)
Stlth   +.........              w - amulet of regeneration
HPRegen 1.14/turn               h - ring of protection from fire
MPRegen 0.15/turn               r - ring of Yzots {Will+ Str+5}

@: corroded
A: permanent stasis, dig shafts and tunnels, antennae 3, four strong arms
a: Dig, Shaft Self, Renounce Religion, Trog's Hand, Brothers in Arms


You were on level 1 of the Orcish Mines.
You worshipped Trog.
Trog was greatly pleased with you.
You visited 3 branches of the dungeon, and saw 21 of its levels.
You also visited: Sewer.

You collected 1885 gold pieces.
You spent 595 gold pieces at shops.

Inventory:

Hand Weapons
 a - a +1 giant club (weapon)
 b - the +8 sling of Meager Purpose {venom, +Blink Int+4 Dex+3}
   (You found it on level 1 of the Lair of Beasts)

   Any ammunition fired from it poisons the flesh of those it strikes.
   Int:       It affects your intelligence (+4).
   Dex:       It affects your dexterity (+3).
   +Blink:    It lets you blink.
 s - a +2 demon trident of electrocution
 y - the +4 war axe of Severance {venom, rF++ Will++ Dex-2}
   (You found it on level 3 of the Lair of Beasts)

   It poisons the flesh of those it strikes.
   Dex:       It affects your dexterity (-2).
   rF:        It greatly protects you from fire.
   Will:      It greatly increases your willpower.
 P - a +0 giant spiked club
Missiles
 t - 9 javelins (quivered)
 C - a silver javelin
 L - 12 curare-tipped darts
 Q - 7 boomerangs
Armour
 A - a +2 leather armour of poison resistance
 B - a +2 robe of resistance
 E - a +0 pair of gloves (worn)
 I - the +3 ring mail "Ecudd" (worn) {rN+ Str+3 Int-2 Dex+4}
   (You found it on level 2 of the Lair of Beasts)

   Str:       It affects your strength (+3).
   Int:       It affects your intelligence (-2).
   Dex:       It affects your dexterity (+4).
   rN:        It protects you from negative energy.
 O - a +2 cloak (worn)
 V - a +0 troll leather armour
 W - a +3 chain mail of fire resistance
Jewellery
 h - a ring of protection from fire (left hand)
 j - a ring of ice
 p - a ring of ice
 r - the ring of Yzots (right hand) {Will+ Str+5}
   (You bought it in a shop on level 4 of the Dungeon)

   [ring of willpower]

   Str:       It affects your strength (+5).
   Will:      It increases your willpower.
 v - a ring of resist corrosion
 w - an amulet of regeneration (around neck)
 F - a ring of fire
 G - a ring of willpower
Wands
 g - a wand of iceblast (6)
 H - a wand of polymorph (15)
 N - a wand of mindburst (7)
 T - a wand of light (3)
Scrolls
 f - a scroll of fear
 i - 3 scrolls of butterflies
 l - 2 scrolls of brand weapon {unknown}
 m - a scroll of immolation {unknown}
 n - a scroll of acquirement {unknown}
 o - 5 scrolls of vulnerability
 z - 2 scrolls of enchant weapon
 K - 2 scrolls of magic mapping
 U - a scroll of torment {unknown}
 X - 2 scrolls of identify
Potions
 c - 3 potions of flight
 d - 4 potions of attraction
 e - 2 potions of ambrosia {unknown}
 k - a potion of lignification {unknown}
 u - 2 potions of curing
 J - 2 potions of magic {unknown}
 M - 2 potions of invisibility {unknown}
 R - a potion of resistance
 S - 3 potions of mutation {unknown}
Miscellaneous
 q - a lightning rod (3/4)


   Skills:
 * Level 19.4 Fighting
 * Level 17.9 Maces & Flails
 - Level 2.1 Armour
 + Level 12.0 Dodging


You had 15 spell levels left.
You didn't know any spells.
Your spell library was empty.

Dungeon Overview and Level Annotations

Branches:
Dungeon (15/15)            Temple (0/1) D:6            Lair (5/5) D:9
 Shoals (0/4) Lair:2       Spider (0/4) Lair:3        Slime (0/5) Lair:5
    Orc (1/2) D:9          Vaults (0/5) D:13         Depths (0/4) D:15
  Sewer (visited)

Altars:
Elyvilon
Fedhas
Hepliaklqana
Okawaru
Qazlal
Trog
Vehumet
Wu Jian
Xom
Yredelemnul
Jiyva

Shops:
D:2 [   D:4 (=(:   D:7 (   D:13 [((([

Portals:
Trove: D:13 (lose all piety)

Annotations:
D:9 1 runed translucent door, Henri's ghost, novice GrEE


Innate Abilities, Weirdness & Mutations

You cannot be hasted, slowed, berserked, paralysed or teleported.
You can dig through walls and to a lower floor.
You have a pair of large antennae on your head. (SInv)
Your four strong arms can wield two-handed weapons with a shield.


Message History

You are too injured to fight recklessly!
You are too injured to fight recklessly!
You are too injured to fight recklessly!
You are too injured to fight recklessly!
You are too injured to fight recklessly!
You are too injured to fight recklessly!
You are too injured to fight recklessly!
You barely miss the orc priest.
The orc priest hits you but does no damage.
The orc barely misses you. The orc warrior misses you.
The orc warrior hits you with a +0 dire flail.
You hammer the orc priest like a gong!!!
You kill the orc priest!
Trog accepts your kill.
You crush the orc warrior like a grape!!!
You kill the orc warrior!
Trog accepts your kill.
The sentinel's mark upon you fades away.
The orc warrior hits you with a +0 flail!
* * * LOW HITPOINT WARNING * * *
The orc hits you with a +0 dagger.
* * * LOW HITPOINT WARNING * * *
You closely miss the orc warrior. The orc warrior barely misses you.
The orc barely misses you.
You hit the orc but do no damage. You hit the orc but do no damage.
The orc warrior hits you with a +0 flail!!
* * * LOW HITPOINT WARNING * * *
The orc hits you with a +0 dagger.
* * * LOW HITPOINT WARNING * * *
You feel better. The orc hits you with a +0 dagger.
* * * LOW HITPOINT WARNING * * *
The orc warrior closely misses you.
As you read the scroll of butterflies, it crumbles to dust.
You hear the tinkle of a tiny bell.
The orc warrior misses you. The orc closely misses you.
The orc attacks as you move away! The orc completely misses you.
The orc warrior attacks as you move away!
The orc warrior hits you with a +0 flail!
You die...

##.......... ##..........
#..........# #
#...##..........#.
#....#...#........
.#.$..#....#......#
.....#....bbbbb..##
.........#.b)).b.$.#
......#....bb@b.#.#### ##
...........boobb...#.##.##
.............bbb.........#
#......)..>..........#.##
##.....#....#...#...^##
......)...............#
........[............##
.#.#.........#.##...##
##....[)..###...##


You could see an orc warrior (strong, ally target) and an orc (strong, ally
target).

Vanquished Creatures
  Rupert (D:14)
  Jorgrun (D:15)
  A yaktaur captain (D:15)
  2 boulder beetles
  3 vault guards (D:13)
  Fannar (Lair:3)
  3 hydras
  An ogre mage (D:15)
  3 two-headed ogres
  4 catoblepae
  4 centaur warriors
  Erica (Lair:2)
  2 death knights
  A tengu warrior (D:15)
  15 death yaks
  Amaemon (Lair:2)
  A fire crab (D:15)
  6 skeletal warriors (D:15)
  Lodul (D:12)
  An orc knight (Orc:1)
  2 deep elf pyromancers (D:13)
  A necromancer (D:10)
  A harpy (Lair:2)
  An orc sorcerer (Orc:1)
  14 ugly things
  2 cyclopes
  5 elephants (Lair:4)
  6 manticores
  4 black mambas
  2 torpor snails
  2 gargoyles
  12 cane toads
  An orange demon (Lair:2)
  4 rime drakes
  6 komodo dragons
  An unseen horror (D:12)
  A kobold demonologist (D:11)
  A tengu conjurer (D:15)
  A freezing wraith (D:14)
  3 meliai (D:14)
  5 trolls
  6 polar bears
  A hornet (shapeshifter) (D:13)
  A hornet (D:9)
  A blink frog (shapeshifter) (D:15)
  15 slime creatures
  5 blink frogs (Lair:4)
  5 dream sheep
  A centaur simulacrum (D:12)
  2 jumping spiders (Lair:3)
  2 wraiths (D:11)
  8 basilisks
  38 yaks
  A shadow (D:10)
  A wyvern (D:7)
  3 steam dragons
  7 vampire mosquitoes (D:11)
  A redback simulacrum (D:15)
  3 redbacks (Lair:3)
  An acid dragon (D:13)
  15 water moccasins
  A swamp drake (D:12)
  6 orc warriors
  An ice beast (D:6)
  A sky beast (D:6)
  11 ogres
  13 centaurs
  A phantom (D:6)
  11 bullfrogs
  3 kobold brigands
  3 scorpions
  A gnoll sergeant (D:7)
  11 wights
  6 electric eels
  2 howler monkeys
  5 jellies
  10 orc priests
  3 hounds
  A gnoll bouda (D:5)
  Jessica (D:2)
  5 iguanas
  7 orc wizards
  4 yak simulacra (D:10)
  A polar bear simulacrum (D:10)
  2 wolf simulacra (D:10)
  8 gnolls
  8 adders
  2 river rats (D:5)
  3 shadow imps (D:6)
  A white imp (D:7)
  An ufetubus (D:5)
  2 worms
  A dart slug (D:1)
  35 orcs
  10 endoplasms
  10 giant cockroaches
  5 goblins
  4 hobgoblins
  8 jackals
  5 quokkas
  8 ball pythons
  5 bats
  A frilled lizard (D:1)
  10 kobolds
  6 rats
  4 river rat simulacra (D:10)
  A spectral goblin (D:1)
493 creatures vanquished.

Vanquished Creatures (collateral kills)
  A war gargoyle (D:15)
  A fire dragon (D:9)
  5 vault guards (D:13)
  4 centaur warriors
  2 death yaks (Lair:1)
  2 two-headed ogres (D:15)
  An orc knight (D:15)
  2 ugly things (D:14)
  A slime creature (D:12)
  2 dream sheep (Lair:1)
  A centaur simulacrum (D:15)
  A yak (Lair:1)
  A warg (D:15)
  An orc warrior (D:15)
  A black bear (shapeshifter) (D:13)
  4 ogres (D:12)
  3 wolves (Lair:1)
  3 killer bees (D:9)
  3 orcs (D:15)
39 creatures vanquished.

Vanquished Creatures (others)
  A necrophage (D:8)
  A shadow imp (D:6)
  15 fungi
  50 plants
67 creatures vanquished.

Grand Total: 599 creatures vanquished

Notes
Turn   | Place    | Note
-------+----------+-------------------------------------------
     0 | D:1      | Gabide the Formicid Berserker began the quest for the Orb.
     0 | D:1      | Reached XP level 1. HP: 18/18 MP: 1/1
   217 | D:1      | Reached XP level 2. HP: 21/24 MP: 2/2
   794 | D:1      | Found a faded altar of an unknown god.
   857 | D:2      | Reached ** piety under Trog
   858 | D:2      | Reached XP level 3. HP: 30/30 MP: 3/3
  1193 | D:2      | Found Ruin's Armour Emporium.
  1397 | D:2      | Reached skill level 4 in Fighting
  1556 | D:2      | Noticed Jessica
  1568 | D:2      | Killed Jessica
  1569 | D:2      | Reached XP level 4. HP: 18/37 MP: 4/4
  2500 | D:3      | Reached XP level 5. HP: 32/43 MP: 5/5
  2511 | D:3      | Reached *** piety under Trog
  2773 | D:4      | Found Icakoh's Book Emporium.
  2773 | D:4      | Found Wyniv's Jewellery Emporium.
  2775 | D:4      | Found Eqod Byo's Antique Weapon Emporium.
  2779 | D:4      | Found Miarphoiva's Weapon Emporium.
  3407 | D:5      | Entered Level 5 of the Dungeon
  3417 | D:4      | Reached skill level 5 in Fighting
  3417 | D:4      | Reached XP level 6. HP: 32/51 MP: 6/6
  3594 | D:5      | Noticed an orc warrior
  3655 | D:4      | Killed an orc warrior
  3656 | D:4      | Reached skill level 5 in Maces & Flails
  3656 | D:4      | Reached XP level 7. HP: 12/57 MP: 7/7
  3832 | D:5      | Found a glowing drain.
  3864 | Sewer    | Entered a sewer
  3934 | Sewer    | Noticed a water moccasin
  3951 | Sewer    | Killed a water moccasin
  3952 | Sewer    | Reached skill level 6 in Fighting
  4441 | D:6      | Reached XP level 8. HP: 65/65 MP: 8/8
  4599 | D:6      | Reached skill level 7 in Fighting
  5065 | D:6      | Reached skill level 8 in Fighting
  5065 | D:6      | Reached XP level 9. HP: 16/74 MP: 9/9
  5188 | D:6      | Found a staircase to the Ecumenical Temple.
  5466 | D:6      | Found a basalt altar of Yredelemnul.
  5522 | D:7      | Reached skill level 5 in Dodging
  5560 | D:7      | Found Reonkuq's Weapon Boutique.
  5648 | D:7      | Reached skill level 9 in Fighting
  5698 | D:7      | Reached **** piety under Trog
  6144 | D:8      | Reached XP level 10. HP: 71/79 MP: 10/10
  6309 | D:8      | Found a white marble altar of Elyvilon.
  6468 | D:8      | Reached skill level 10 in Fighting
  6498 | D:8      | Found a radiant altar of Vehumet.
  6806 | D:9      | Found a blossoming altar of Fedhas.
  6809 | D:9      | Found a stormy altar of Qazlal.
  7036 | D:9      | Found a runed translucent door.
  7037 | D:9      | Found a shimmering altar of Xom.
  7037 | D:9      | Noticed a +0 hand axe of chaos
  7037 | D:9      | Noticed Henri's ghost (novice GrEE)
  7042 | D:9      | You fall into a shaft and drop 3 floors!
  7059 | D:11     | Noticed a gargoyle
  7069 | D:11     | Killed a gargoyle
  7100 | D:11     | Noticed a red ugly thing
  7113 | D:11     | Noticed a kobold demonologist
  7125 | D:11     | Killed a red ugly thing
  7127 | D:11     | Killed a kobold demonologist
  7133 | D:11     | Reached skill level 10 in Maces & Flails
  7179 | D:11     | Noticed a phantasmal warrior
  7338 | D:11     | Reached skill level 11 in Fighting
  7390 | D:10     | Entered Level 10 of the Dungeon
  7522 | D:9      | Found a staircase to the Orcish Mines.
  7564 | D:9      | Found a staircase to the Lair.
  7565 | D:9      | Noticed a fire dragon
  7587 | D:9      | Killed a fire dragon
  7588 | D:9      | Reached XP level 11. HP: 65/93 MP: 11/11
  7856 | D:9      | Found a hazy altar of Hepliaklqana.
  8283 | Lair:1   | Entered Level 1 of the Lair of Beasts
  8358 | Lair:1   | Reached skill level 12 in Fighting
  8748 | Lair:1   | Identified the +8 sling of Meager Purpose {venom, +Blink
                  | Int+4 Dex+3}
  8882 | Lair:1   | Noticed a death yak
  8882 | Lair:1   | Noticed a death yak
  8910 | Lair:1   | Killed a death yak
  8966 | Lair:1   | Noticed a death yak
  8966 | Lair:1   | Noticed a death yak
  8968 | Lair:1   | Noticed a death yak
  8969 | Lair:1   | Reached skill level 13 in Fighting
  8974 | Lair:1   | Killed a death yak
  8975 | Lair:1   | Reached XP level 12. HP: 91/105 MP: 12/12
  8978 | Lair:1   | Noticed a death yak
  8981 | Lair:1   | Killed a death yak
  8997 | Lair:1   | Killed a death yak
  9003 | Lair:1   | Killed a death yak
  9013 | Lair:1   | Killed a death yak
  9531 | Lair:2   | Noticed Urug
  9535 | Lair:2   | Noticed Urug
  9535 | Lair:2   | Urug changed into Urug the harpy
  9538 | Lair:2   | Killed Urug the harpy
  9542 | Lair:2   | Reached skill level 14 in Fighting
  9652 | Lair:2   | Noticed Erica
  9657 | Lair:2   | Killed Erica
  9804 | Lair:2   | Found a staircase to the Shoals.
  9956 | Lair:2   | Identified the +3 ring mail "Ecudd" {rN+ Str+3 Int-2 Dex+4}
 10029 | Lair:2   | Noticed Amaemon
 10045 | Lair:2   | Killed Amaemon
 10409 | Lair:3   | Noticed Fannar
 10430 | Lair:3   | Killed Fannar
 10459 | Lair:3   | Noticed a death yak
 10482 | Lair:3   | Killed a death yak
 10582 | Lair:3   | Reached XP level 13. HP: 98/114 MP: 13/13
 10870 | D:4      | Bought the ring of Yzots {Will+ Str+5} for 595 gold pieces
 11146 | Lair:3   | Reached skill level 15 in Fighting
 11293 | Lair:3   | Noticed a catoblepas
 11302 | Lair:3   | Killed a catoblepas
 11360 | Lair:3   | Identified the +4 war axe of Severance {venom, rF++ Will++
                  | Dex-2}
 11678 | Lair:3   | Found a hole to the Spider Nest.
 12085 | Lair:4   | Reached ***** piety under Trog
 12980 | Lair:4   | Reached skill level 16 in Fighting
 13118 | Lair:4   | Reached XP level 14. HP: 125/125 MP: 14/14
 13258 | Lair:5   | Entered Level 5 of the Lair of Beasts
 13561 | Lair:5   | Found a runed translucent door.
 13562 | Lair:5   | Found a viscous altar of Jiyva.
 13565 | Lair:5   | Reached skill level 15 in Maces & Flails
 13571 | Lair:5   | Reached skill level 10 in Dodging
 13646 | Lair:5   | Found a staircase to the Slime Pits.
 14552 | Lair:5   | Reached skill level 17 in Fighting
 15482 | D:10     | Found an iron altar of Okawaru.
 16195 | D:12     | Noticed Lodul
 16207 | D:12     | Killed Lodul
 16303 | D:12     | Found an ornate altar of the Wu Jian Council.
 16303 | D:12     | Noticed Sonja
 16304 | D:12     | Noticed Sonja
 16304 | D:12     | Sonja changed into Sonja the swamp drake
 16313 | D:12     | Killed Sonja the swamp drake
 16622 | D:12     | Reached XP level 15. HP: 134/134 MP: 15/15
 16893 | D:13     | Found Ytonuf's Armour Emporium.
 16947 | D:13     | Received a gift from Trog
 16959 | D:13     | Found Carreife's Weapon Shop.
 16988 | D:13     | Found Taevuth's Weapon Shop.
 17028 | D:13     | Found Kophuap's Antique Weapon Boutique.
 17058 | D:13     | Found a portal to a secret trove of treasure.
 17364 | D:13     | Found a gate to the Vaults.
 17389 | D:13     | Reached skill level 18 in Fighting
 17436 | D:13     | Found Sapsa's Armour Shop.
 18307 | D:14     | Noticed Rupert
 18321 | D:14     | Killed Rupert
 18911 | D:15     | Entered Level 15 of the Dungeon
 19182 | D:15     | Reached XP level 16. HP: 145/145 MP: 16/16
 19320 | D:15     | Reached skill level 19 in Fighting
 19384 | D:15     | Noticed Jorgrun
 19413 | D:15     | Killed Jorgrun
 19622 | D:15     | Found a staircase to the Depths.
 19711 | D:15     | Found a basalt altar of Yredelemnul.
 19813 | D:15     | Found a bloodstained altar of Trog.
 19813 | D:15     | Found a radiant altar of Vehumet.
 20161 | D:15     | HP: 7/146 [death knight/+0 great sword (12)]
 20512 | Orc:1    | Entered Level 1 of the Orcish Mines
 20620 | Orc:1    | HP: 7/147 [orc warrior/+0 flail[an orc knight] (31)]
 20623 | Orc:1    | Slain by an orc warrior

Illustrated notes

Levels and vault maps discovered:
D:1:      dpeg_arrival_short_road, layout_basic,
          dreamdust_ecumenical_altar_drowned_temple
D:2:      minmay_roachtagon, layout_basic, serial_shops,
          nicolae_shop_window_shopping, uniq_jessica
D:3:      layout_basic
D:4:      layout_basic, minmay_shop_grid_forest
D:5:      layout_rooms, portal_sewer_entry_b, minmay_strange_pillars
D:6:      layout_loops_ring, mainiacjoe_overflow_alcove_1, temple_doors_ab,
          minmay_pentangle
D:7:      layout_cave_pools, serial_shops, nicolae_diamond_shop,
          serial_bayou_pond_a
D:8:      layout_basic, mainiacjoe_overflow_alcove_2, vehumet_crystals
D:9:      layout_grid_maze, grunt_temple_overflow_forces_of_nature,
          kennysheep_mini, minmay_lair_entry_lava, orc_0_dummy,
          ebering_ghost_xom
D:10:     hellmonk_crumbling_castle, layout_rooms, mainiacjoe_overflow_chevrons,
          eino_house_with_fridge
D:11:     layout_loops_cross, wad_dig_loot
D:12:     layout_rooms, nzn_wu_jian_council_hall, uniq_lodul, uniq_sonja
D:13:     layout_roguey, erik_vaults_2, serial_shops, shop,
          nicolae_shop_advertising_works [nicolae_subvault_shop_adworks],
          nicolae_shop_trees, shop_fountains, shop, enter_trove_2
D:14:     nicolae_cairo_tiling_very_big, layout_basic, chequers_avenue,
          minmay_quadrilaterals, uniq_rupert
D:15:     hangedman_slaughterboxes, serial_shops, uniq_jorgrun
Lair:1:   layout_misc_corridors, grunt_megastairs_5
Lair:2:   layout_regular_city, minmay_shoals_entry_centaurs, uniq_amaemon,
          uniq_urug, uniq_erica
Lair:3:   layout_gridlike, nicolae_spider_entry_tight_spaces,
          cheibrodos_lair_lostbears, infiniplex_staircase_pool_2,
          lemuel_fruit_tree, uniq_fannar
Lair:4:   layout_layer_cave, serial_bayou_shore_a
Lair:5:   evilmike_catoblepas_cave, layout_gridlike, slime_entry_2,
          serial_bayou, serial_bayou_pond_c, serial_bayou_lake_a,
          serial_bayou_pond_a, serial_bayou_pond_b
Orc:1:    nicolae_orc_accident_3, layout_caves

Skill      XL: |  1  2  3  4  5  6  7  8  9 10 11 12 13 14 15 16 |
---------------+-------------------------------------------------+-----
Dodging        | 2 3 4 5 6 7 8 9 10 11 12 | 12.0
Fighting       | 4 5 6 8 9 11 13 14 16 17 18 19 | 19.4
Maces & Flails | 4 5 6 7 8 10 12 13 14 16 17 | 17.9
Armour         | |  2.1

Action                   |  1- 3 |  4- 6 |  7- 9 | 10-12 | 13-15 | 16-18 || total
-------------------------+-------+-------+-------+-------+-------+-------++-------
Melee: Mace              |   135 |   146 |   168 |       |       |       ||   449
       Punch             |       |     1 |       |       |       |       ||     1
       Giant club        |       |       |   160 |   305 |   774 |   159 ||  1398
Throw: Dart              |       |       |     5 |    18 |    14 |     4 ||    41
       Throwing net      |       |       |     1 |     1 |       |       ||     2
       Javelin           |       |       |       |     3 |    69 |    21 ||    93
       Boomerang         |       |       |       |       |     8 |       ||     8
Invok: Trog's Hand       |       |     2 |     5 |    10 |    14 |     3 ||    34
       Brothers in Arms  |       |       |       |     2 |     4 |     2 ||     8
Evoke: Wand              |       |     8 |     6 |    25 |     9 |     2 ||    50
       Lightning rod     |       |       |       |     6 |       |     1 ||     7
  Use: Scroll            |       |     6 |     5 |    14 |     4 |     3 ||    32
       Potion            |       |       |     4 |    11 |     3 |     4 ||    22
 Stab: Sleeping          |     1 |       |       |       |       |       ||     1
       Held in net/web   |       |       |     1 |       |       |       ||     1
       Invisible         |       |       |       |     1 |     5 |       ||     6
       Petrified         |       |       |       |       |     7 |       ||     7
       Petrifying        |       |       |       |       |     1 |       ||     1
Armor: Scale mail        |    91 |    46 |   116 |    72 |       |       ||   325
       Leather armour    |       |       |       |    37 |       |       ||    37
       Ring mail         |       |       |       |    27 |   139 |    42 ||   208
       Troll leather arm |       |       |       |       |    53 |       ||    53
Dodge: Dodged            |   106 |    98 |   235 |   271 |   596 |   124 ||  1430
